 Dungeon Crawl Stone Soup version 0.27.1-1-g398f81649c (webtiles) character file.

Game seed: 228659532364260816

543 wowus the Magician (level 7, 0/39 HPs)
             Began as a Deep Elf Fire Elementalist on Sept 16, 2021.
             Slain by a killer bee (3 damage)
             ... on level 4 of the Dungeon.
             The game lasted 00:28:26 (7768 turns).

wowus the Magician (Deep Elf Fire Elementalist)     Turns: 7768, Time: 00:28:27

Health: 0/39       AC:  2    Str:  5    XL:     7   Next: 6%
Magic:  15/17      EV: 13    Int: 22    God:
Gold:   137        SH:  0    Dex: 15    Spells: 13/17 levels left

rFire    . . .     SeeInvis .   d - +0 dagger (elec)
rCold    . . .     Faith    .   (no shield)
rNeg     . . .     Spirit   .   a - +0 robe
rPois    .         Reflect  .   (no helmet)
rElec    .         Harm     .   (no cloak)
rCorr    .         Rampage  .   (no gloves)
Will     .....                  (no boots)
Stlth    ++........             (no amulet)
HPRegen  0.13/turn              (no ring)
MPRegen  0.15/turn              (no ring)

@: lethally poisoned (0 -> -4), about to teleport
A: no striking features
a: no special abilities


You were on level 4 of the Dungeon.
You visited 1 branch of the dungeon, and saw 5 of its levels.

You collected 137 gold pieces.

Inventory:

Hand Weapons
 d - a +0 dagger of electrocution (weapon)
Armour
 a - a +0 robe (worn)
Potions
 e - a potion of mutation
 f - a potion of brilliance {unknown}
 g - a potion of haste {unknown}
 h - a potion of heal wounds {unknown}


   Skills:
 + Level 1.7 Fighting
 + Level 3.8 Dodging
 - Level 2.4 Stealth
 * Level 5.7 Spellcasting
 * Level 4.1 Conjurations
 * Level 5.3 Fire Magic


You had 13 spell levels left.
You knew the following spells:

 Your Spells              Type           Power      Damage    Failure   Level
a - Foxfire               Conj/Fire      100%       2x1d9     1%          1
b - Conjure Flame         Conj/Fire      27%        6-21      4%          3

Your spell library contained the following spells:

 Spells                   Type           Power      Damage    Failure   Level
 Inner Flame              Hex/Fire       18%        N/A       10%         3
 Sticky Flame             Conj/Fire      27%        2d5       13%         4
 Fireball                 Conj/Fire      13%        3d7       36%         5


Dungeon Overview and Level Annotations

Branches:
Dungeon (5/15)
 Temple: D:4-7

Altars:

Shops:
D:2 (

Annotations:
D:4 1 runed translucent door, Jabberih's ghost, amateur OpTm


Message History

Confirm with . or Enter, or press ? or * to list all spells.
You conjure some foxfire!
The killer bee buzzes angrily.
The foxfire hits the killer bee.
The killer bee is moderately wounded.
The foxfire hits the killer bee!
The killer bee is severely wounded.
A killer bee comes into view. x2
The killer bee buzzes angrily.
The killer bee buzzes angrily.
The foxfire hits the killer bee.
The killer bee is moderately wounded.
There is a stone staircase leading up here.
Casting: Foxfire (safe; 1% risk of failure)
Confirm with . or Enter, or press ? or * to list all spells.
You conjure some foxfire!
The foxfire hits the killer bee.
The killer bee is heavily wounded.
The killer bee misses you. The killer bee stings you!
The killer bee stings you! The killer bee barely misses you.
The killer bee stings you.
You are poisoned.
The killer bee poisons you! The killer bee closely misses you.
You climb upwards.
Level annotation: 1 runed translucent door, Jabberih's ghost, amateur OpTm You feel sick.
There is a stone staircase leading down here.
You feel sick. The killer bee stings you! The killer bee stings you.
* * * LOW HITPOINT WARNING * * *
You feel better. The killer bee barely misses you. The killer bee stings you.
* * * LOW HITPOINT WARNING * * *
You are poisoned.
The killer bee poisons you!
The killer bee stings you but does no damage.
The killer bee barely misses you.
As you read the scroll of teleportation, it crumbles to dust.
You feel strangely unstable.
You feel sick. The killer bee stings you!
* * * LOW HITPOINT WARNING * * *
The killer bee misses you. The killer bee stings you.
You die...

#..>.........# #......# ###
#........)...####......# #..
#......................# #..
#......................#####..
#..........................'..
#.....................######..
#.............#####...# #..
##########....#.8.#...# #..
#.#y@#W).#...# #..
#.#y###+###### #..
#.#.##......# #..
#.#.##..###.# #..
#.#....####.# ###
#...........# #############


You could see 2 killer bees.

Vanquished Creatures
  An orc warrior (D:4)
  2 ogres
  A howler monkey (D:4)
  A hound (D:5)
  An orc priest (D:4)
  An orc wizard (D:4)
  Terence (D:2)
  A hound skeleton (D:4)
  3 adders
  A worm (D:2)
  A dart slug (D:2)
  4 orcs
  6 ball pythons
  8 bats
  4 endoplasms
  3 giant cockroaches
  9 hobgoblins
  7 jackals
  5 quokkas
  2 frilled lizards (D:3)
  5 goblins
  6 kobolds
  8 rats
81 creatures vanquished.

Vanquished Creatures (others)
  318 foxfires
  2 withered plants (D:4)
320 creatures vanquished.

Grand Total: 401 creatures vanquished

Notes
Turn   | Place    | Note
-------+----------+-------------------------------------------
     0 | D:1      | wowus the Deep Elf Fire Elementalist began the quest for
                  | the Orb.
     0 | D:1      | Reached XP level 1. HP: 10/10 MP: 6/6
   268 | D:1      | Reached XP level 2. HP: 15/15 MP: 4/8
   415 | D:1      | Found a faded altar of an unknown god.
  1145 | D:2      | Noticed Terence
  1429 | D:2      | Reached XP level 3. HP: 19/19 MP: 3/10
  1597 | D:2      | Learned a level 3 spell: Conjure Flame
  2198 | D:2      | Found Wodem's Weapon Shoppe.
  2991 | D:2      | Killed Terence
  2992 | D:2      | Reached XP level 4. HP: 24/24 MP: 3/12
  3893 | D:3      | Noticed an ogre
  3907 | D:3      | Killed an ogre
  3908 | D:3      | Reached skill level 1 in Fighting
  3908 | D:3      | Reached XP level 5. HP: 29/29 MP: 6/13
  4853 | D:4      | Noticed an ogre
  4874 | D:4      | Killed an ogre
  4875 | D:4      | Reached skill level 5 in Spellcasting
  4875 | D:4      | Reached XP level 6. HP: 34/34 MP: 7/15
  4994 | D:4      | Noticed an orc warrior
  5852 | D:4      | Found a runed translucent door.
  5852 | D:4      | Noticed Jabberih's ghost (amateur OpTm)
  6752 | D:4      | Reached skill level 5 in Fire Magic
  7198 | D:4      | Killed an orc warrior
  7199 | D:4      | Reached XP level 7. HP: 39/39 MP: 8/17
  7607 | D:4      | Found a runed translucent door.
  7685 | D:5      | Entered Level 5 of the Dungeon
  7768 | D:4      | Slain by a killer bee

Illustrated notes

Levels and vault maps discovered:
D:1:      dpeg_arrival_rhombi, layout_rooms, shapermc_ecumenical_altar_ellora,
          st_stairs_8, minivault_23, minivault_27, nrook_campfire,
          grunt_decor_mini_mirrors
D:2:      layout_basic, serial_shops, nicolae_diamond_shop, uniq_terence
D:3:      layout_rooms
D:4:      layout_basic, gammafunk_ghost_grave
D:5:      layout_cave_pools, nicolae_gozag_seed_capital,
          mainiacjoe_overflow_alcove_2, mainiacjoe_overflow_divided_tiny,
          nicolae_shop_sticking_my_neck_out

Skill      XL: |  1  2  3  4  5  6 |
---------------+-------------------+-----
Conjurations   | 2 3 4 |  4.1
Spellcasting   | 4 5 |  5.7
Fire Magic     | 4 5 |  5.3
Dodging        | 3 |  3.8
Fighting       | 1 |  1.7
Stealth        | |  2.4

Action                   |  1- 3 |  4- 6 |  7- 9 || total
-------------------------+-------+-------+-------++-------
 Cast: Foxfire           |    73 |   106 |     6 ||   185
       Conjure Flame     |     1 |    11 |       ||    12
  Use: Scroll            |     2 |     4 |     2 ||     8
       Potion            |       |       |     1 ||     1
Armor: Robe              |       |    10 |     1 ||    11
Dodge: Dodged            |    10 |    18 |     8 ||    36
